 Dungeon Crawl Stone Soup version 0.28-a0-589-g333b8329f1 (webtiles) character file.

Game seed: 9204880755999166070

17 lawman0 the Skirmisher (level 2, 0/24 HPs)
             Began as a Mummy Cinder Acolyte on Oct 3, 2021.
             Was a High Priest of Ignis.
             Slain by a goblin (2 damage)
             ... on level 2 of the Dungeon.
             The game lasted 00:02:06 (1491 turns).

lawman0 the Skirmisher (Mummy Cinder Acolyte)       Turns: 1491, Time: 00:02:07

Health: 0/24       AC:  2    Str: 17    XL:     2   Next: 44%
Magic:  4/4        EV: 11    Int: 13    God:    Ignis [*****.]
Gold:   53         SH:  0    Dex:  7    Spells: 3/3 levels left

rFire   . . .      SeeInvis .   a - -1 falchion (flame)
rCold   + . .      Faith    .   (no shield)
rNeg    + + +      Spirit   .   b - +0 robe
rPois   ∞          Reflect  .   (no helmet)
rElec   .          Harm     .   (no cloak)
rCorr   .          Rampage  .   (no gloves)
Will    .....                   (no boots)
Stlth   +.........              (no amulet)
HPRegen 0.08/turn               (no ring)
MPRegen 0.09/turn               (no ring)

@: no status effects
A: cold resistance 1, negative energy resistance 3, torment resistance 2, heat
vulnerability 1, no potions
a: Renounce Religion, Sea of Fire, Foxfire Swarm, Rising Flame


You were on level 2 of the Dungeon.
You worshipped Ignis.
Ignis was extremely pleased with you.
You visited 1 branch of the dungeon, and saw 2 of its levels.

You collected 53 gold pieces.

Inventory:

Hand Weapons
 a - a -1 falchion of flaming (weapon)
Missiles
 d - 9 poisoned darts (quivered)
Armour
 b - a +0 robe (worn)
Scrolls
 c - a scroll of amnesia {unknown}


   Skills:
 + Level 3.2 Fighting
 + Level 2.7 Long Blades
 + Level 1.3 Spellcasting
 + Level 2.7 Fire Magic


You had 3 spell levels left.
You didn't know any spells.
Your spell library contained the following spells:

 Spells                   Type           Power      Damage    Failure   Level
 Scorch                   Fire           14%        2d5       14%         2


Dungeon Overview and Level Annotations

Branches:
Dungeon (2/15)

Altars:

Shops:
D:1 [[(


Innate Abilities, Weirdness & Mutations

You are immune to poison.
Your flesh is cold resistant. (rC+)
You are immune to negative energy. (rN+++)
You are immune to unholy pain and torment.
You are vulnerable to heat. (rF-)
You do not drink.


Message History

The worm looks even sicker.
The worm is lightly wounded.
The hobgoblin hits you.
You barely miss the hobgoblin. The hobgoblin hits you.
You closely miss the hobgoblin. The hobgoblin barely misses you.
The hobgoblin hits you.
You closely miss the hobgoblin. The worm closely misses you.
The hobgoblin closely misses you.
You barely miss the hobgoblin. The hobgoblin closely misses you.
The worm barely misses you.
You barely miss the hobgoblin. The hobgoblin hits you. The worm bites you.
You hit the hobgoblin. You burn the hobgoblin.
The hobgoblin is almost dead.
The hobgoblin hits you.
Unknown command.
You barely miss the hobgoblin.
The hobgoblin is almost dead.
The hobgoblin closely misses you. The worm closely misses you.
The hobgoblin hits you but does no damage.
You slash the hobgoblin! You burn the hobgoblin.
You kill the hobgoblin!
The worm bites you!
* * * LOW HITPOINT WARNING * * *
A goblin comes into view. It is wielding a +0 dagger.
The goblin shouts!
You see here a hobgoblin corpse.
A ball python comes into view.
Unknown command.
The worm looks more healthy.
The ball python hisses angrily.
There is a broken door here.
You hit the ball python. You burn the ball python.
You kill the ball python!
The goblin hits you with a +0 dagger.
* * * LOW HITPOINT WARNING * * *
You see here a ball python corpse.
You hit the goblin. You burn the goblin.
The goblin is severely wounded.
The goblin hits you with a +0 dagger.
You die...

####...#...##
#..†w..w....# #
#.######....# #.
#.### #....#
#.#######(..# #....#
+.......(..# #....#
#((........# #....#
#..........#######.#
#(..<.(....+..@g...#
#..........#########
#.......!......
..................
###.#.####+##.....
#.#. ..... # #.
..... #. ...#


You could see a goblin.

Vanquished Creatures
  A dart slug (D:1)
  2 goblins (D:1)
  A hobgoblin (D:2)
  4 jackals (D:1)
  A kobold (D:1)
  2 ball pythons
  3 rats (D:1)
14 creatures vanquished.

Notes
Turn   | Place    | Note
-------+----------+-------------------------------------------
     0 | D:1      | lawman0 the Mummy Cinder Acolyte began the quest for the
                  | Orb.
     0 | D:1      | Reached XP level 1. HP: 18/18 MP: 2/2
   463 | D:1      | Found Lyodwi's Antique Armour Shoppe.
   675 | D:1      | Found Kuocuar's Armour Shoppe.
   693 | D:1      | Reached XP level 2. HP: 24/24 MP: 4/4
   895 | D:1      | Found Fagulythra's Antique Weapon Shoppe.
  1491 | D:2      | Slain by a goblin

Illustrated notes

Levels and vault maps discovered:
D:1:      minmay_arrival_arboretum_small, layout_basic, serial_forest,
          infiniplex_forest_diagonal, infiniplex_forest_split,
          infiniplex_forest_lined_3, infiniplex_forest_join,
          infiniplex_forest_pool, infiniplex_forest_straight_1,
          infiniplex_forest_straight_5, serial_shops, shop, shop,
          nicolae_square_shop, minivault_14
D:2:      layout_basic, shapermc_ecumenical_altar_mp_highgroup

Action                   || total
-------------------------++-------
Melee: Falchion          ||    65
Throw: Dart              ||    14
Armor: Robe              ||    15
Dodge: Dodged            ||    41

Table legend: (Time is in decaauts)
 A = Elapsed time spent in this place.
 B = Non-inter-level travel time spent in this place.
 C = Inter-level travel time spent in this place.
 D = Time resting spent in this place.
 E = Time spent auto-exploring this place.
 F = Levels seen in this place.
 G = Mean time per level.
                   A        B        C        D        E       F      G
               +--------+--------+--------+--------+--------+-----+--------+
         Total |   1501 |   1450 |     51 |    501 |    737 |   2 |  750.5 |
       Dungeon |   1501 |   1450 |     51 |    501 |    737 |   2 |  750.5 |
               +--------+--------+--------+--------+--------+-----+--------+

Top non-repeatable levels by time:
     D:1: 1454 daAuts
     D:2: 47 daAuts
